 Dungeon Crawl Stone Soup version bcrawl-1.21.2-1-g32d02e0829 (webtiles) character file.

Game seed: 10928913808428096505

858 Freyura the Skirmisher (level 7, -9/79 HPs)
             Began as a Troll Monk on Feb 24, 2020.
             Mangled by a slime creature (11 damage)
             ... on level 5 of the Dungeon.
             The game lasted 00:06:52 (3064 turns).

Freyura the Skirmisher (Troll Monk)                 Turns: 3064, Time: 00:06:53

Health: -9/79      AC:  8    Str: 20    XL:     7   Next: 71%
Magic:  0/7        EV: 10    Int:  7    God:
Gold:   276        SH:  0    Dex: 14    Spells: 6/6 levels left

rFire    . . .     SeeInvis .     - Unarmed
rCold    . . .     Gourm    +   (no shield)
rNeg     . . .     Faith    .   (armour unavailable)
rPois    .         Spirit   +   a - +1 hat
rElec    .         Reflect  .   (no cloak)
rCorr    +         Harm     .   (gloves unavailable)
MR       .....                  (boots unavailable)
Stlth    ++........             b - amulet of guardian spirit
HPRegen  0.63/turn              m - ring of resist corrosion
MPRegen  0.10/turn              (no ring)

@: no status effects
A: large, almost no armour, unfitting armour, claws 3, fast metabolism 3,
gourmand, regeneration 1, AC +7
a: no special abilities


You were on level 5 of the Dungeon.
You were very full.

You visited 1 branch of the dungeon, and saw 5 of its levels.

You collected 276 gold pieces.

Inventory:

Armour
 a - a +1 hat (worn)
Jewellery
 b - an amulet of guardian spirit (around neck)
 m - a ring of resist corrosion (left claw)
Wands
 f - a wand of disintegration (12)
 x - a wand of paralysis (8)
Scrolls
 c - a scroll of immolation {unknown}
 g - a scroll of identify
 k - 3 scrolls of enchant armour
 n - a scroll of noise {unknown}
 o - a scroll of fear {unknown}
 p - a scroll of fog
 r - a scroll of enchant weapon
 s - a scroll of remove curse
 u - a scroll of blinking
 v - 2 scrolls of amnesia
Potions
 d - a potion of mutation {unknown}
 h - 4 potions of brilliance
 i - 2 potions of agility
 j - a potion of resistance
 l - a potion of ambrosia {unknown}
 q - a potion of curing {unknown}
 w - a potion of heal wounds {unknown}
Comestibles
 e - 6 rations {!d}


   Skills:
 + Level 7.8 Fighting
 - Level 2.4 Dodging
 - Level 1.1 Stealth
 - Level 3.0 Unarmed Combat
   Level 2.0 Invocations


You had 6 spell levels left.
You didn't know any spells.
Your spell library was empty.

Dungeon Overview and Level Annotations

Branches:
Dungeon (5/12)
 Temple: D:4-7

Altars:
Elyvilon
Wu Jian
Zin

Annotations:
D:3 1 runed door


Innate Abilities, Weirdness & Mutations

You cannot wear most types of armour.
Your thick skin is tough. (AC +7)
You are too large for most types of armour.
You have claws for hands.
Your metabolism is lightning-fast.
You like to eat raw meat.
Your natural rate of healing is unusually fast.


Message History

The slime creature is moderately wounded.
The slime creature hits you.
You claw the slime creature!
The slime creature is heavily wounded.
You scratch the slime creature.
The slime creature is heavily wounded.
The slime creature hits you!
* * * LOW HITPOINT WARNING * * *
You claw the slime creature!
The slime creature is severely wounded.
The slime creature hits you!
* * * LOW HITPOINT WARNING * * *
You claw the slime creature!
The slime creature is severely wounded.
The slime creature hits you.
* * * LOW HITPOINT WARNING * * *
You claw the slime creature!
The slime creature is almost dead.
The slime creature hits you!
You die...

#..#...########
#.?............
#.._...........
#..............
#....⌠.........
#..............
#....._.......
#....J........
##...@<...##..
#..#####.# ##.
.. # ... .. .


You could see a slime creature.

Vanquished Creatures
  A hippogriff (D:4)
  Menkaure (D:4)
  A howler monkey (D:4)
  2 crimson imps
  A centaur zombie (D:5)
  A bullfrog skeleton (D:4)
  2 orc priests (D:3)
  6 orc wizards
  A worker ant (D:4)
  6 adders
  5 worms
  4 dart slugs
  24 orcs
  2 goblins
  7 hobgoblins
  5 jackals
  7 kobolds
  4 quokkas
  A ball python (D:1)
  3 bats
  6 frilled lizards
  5 rats
95 creatures vanquished.

Notes
Turn   | Place    | Note
-------+----------+-------------------------------------------
     0 | D:1      | Freyura the Troll Monk began the quest for the Orb.
     0 | D:1      | Reached XP level 1. HP: 22/22 MP: 1/1
   325 | D:1      | Reached skill level 3 in Fighting
   325 | D:1      | Reached XP level 2. HP: 31/31 MP: 2/2
  1180 | D:2      | Reached XP level 3. HP: 37/37 MP: 3/3
  1320 | D:3      | Reached skill level 4 in Fighting
  1324 | D:3      | Gained mutation: Your natural rate of healing is unusually
                  | fast. [Troll growth]
  1324 | D:3      | Reached XP level 4. HP: 37/48 MP: 4/4
  1574 | D:3      | Found a white marble altar of Elyvilon.
  1574 | D:3      | Found a runed door.
  1574 | D:3      | Noticed an angel
  1714 | D:3      | Reached XP level 5. HP: 55/55 MP: 5/5
  1725 | D:3      | Reached skill level 5 in Fighting
  2112 | D:4      | Reached XP level 6. HP: 61/67 MP: 4/6
  2148 | D:4      | Noticed Menkaure
  2155 | D:4      | Killed Menkaure
  2155 | D:4      | Reached skill level 6 in Fighting
  2324 | D:4      | Reached XP level 7. HP: 69/76 MP: 7/7
  2513 | D:4      | Noticed a hippogriff
  2529 | D:4      | Killed a hippogriff
  2529 | D:4      | Reached skill level 7 in Fighting
  3045 | D:5      | Entered Level 5 of the Dungeon
  3045 | D:5      | Found a glowing silver altar of Zin.
  3045 | D:5      | Found an ornate altar of the Wu Jian Council.
  3045 | D:5      | Noticed a slime creature
  3063 | D:5      | HP: 2/79 [slime creature (4)]
  3064 | D:5      | Mangled by a slime creature

Skill      XL: |  1  2  3  4  5  6  7 |
---------------+----------------------+-----
Fighting       | 3 4 5 6 7 |  7.8
Dodging        | |  2.4
Stealth        | |  1.1
Unarmed Combat | |  3.0
Invocations    | |  2.0

Action                   |  1- 3 |  4- 6 |  7- 9 || total
-------------------------+-------+-------+-------++-------
Melee: Unarmed           |    75 |   154 |    67 ||   296
       Punch             |     1 |     2 |     3 ||     6
  Use: Scroll            |     9 |       |       ||     9
 Stab: Sleeping          |     1 |     4 |     1 ||     6
  Eat: Chunk             |    14 |     5 |     5 ||    24
Armor: Skin              |    28 |    44 |    22 ||    94
Dodge: Dodged            |    30 |    61 |    36 ||   127
